cohdb
Replays
Latest Replays
All Replays
Popular Replays
Top Player Replays
Match Explorer
How It Works
Community
CoH3 Stats
Reddit
Sign in to upload your games and track your stats! →
Sign in with Steam
Match 45279870
Unlisted
Match 45279870
Overview
Messages
Build Orders
End
Panzerpioneer Squad
Selects Armored Support Battlegroup
250 Light Carrier
Construct Light Support Kompanie
Selects Salvage Kits
Assault Grenadier Squad
2.5-tonne Medical Truck
Assault Grenadier Squad
Fire Support Elements
Combat Half-tracks
Selects Superior Fire Drills
Forward Retreat Point
Assault Mechanized Group
Selects Panzer Storm
Flakvierling Half-track
Assault Grenadier Squad
Vehicle Survival Package
joelaguila1234
zezo
Monel
foshe
Ozymandias00
tlggarvey
Field marshal Prince
Newguyiswinning
0
0
Comments
sign in to comment!
No comments posted yet!